[Event "Team 45 45 League T46"]
[Site "Internet Chess Club"]
[Date "2010.09.13"]
[Round "6"]
[White "CoasterBrake"]
[Black "Traho"]
[Result "0-1"]
[WhiteElo "1181"]
[BlackElo "1231"]
[Opening "Ruy Lopez: Möller defense"]
[ECO "C78"]
[Time "11:07:40"]
[TimeControl "2700+45"]

1. e4 e5 2. Nf3 Nc6 3. Bb5 a6 4. Ba4 Nf6 5. O-O Bc5 6. Bxc6 dxc6 7. Nxe5 O-O 8.
Nc3 Re8 9. Nd3 Bd4 10. Re1 Bg4 11. Ne2 Nxe4 12. Kf1 Qh4 13. Nxd4 Bxd1 14. Rxd1
Qxh2 15. Nf3 Qh1+ 16. Ng1 Re6 17. Nf4 Rf6 18. d3 Nxf2 19. Kxf2 Qh4+ 20. Kf1 g5
21. Nf3 Qh1+ 22. Ke2 Re8+ 23. Be3 Qh6 24. Rh1 Qg7 25. Nh5 Rxe3+ 26. Kxe3 Re6+
27. Kf2 Qg6 28. Rh2 h6 29. Rah1 c5 30. Ng3 Kg7 31. Rxh6 Qxh6 32. Rxh6 Kxh6 33.
Nd2 b6 34. Nge4 f6 35. Nc4 f5 36. Ng3 Kg6 37. b3 b5 38. Na5 b4 39. Nb7 Re5 40.
Ne2 f4 41. d4 cxd4 42. Nxd4 Rd5 43. Nf3 g4 44. Ne1 Rd2+ 45. Kf1 g3 46. Nd3 Rxc2
47. Nxf4+ Kf5 48. Ne2 Kg4 49. Na5 Rxa2 50. Nc4 Ra1+ {White resigns} 0-1

[Event "Team 45 45 League T46"]
[Site "Internet Chess Club"]
[Date "2010.09.13"]
[Round "6"]
[White "dornoch"]
[Black "WannaB"]
[Result "1-0"]
[WhiteElo "1012"]
[BlackElo "976"]
[Opening "Sicilian: Hungarian variation"]
[ECO "B34"]
[Time "16:05:24"]
[TimeControl "2700+45"]

1. e4 c5 2. Nf3 g6 3. Nc3 Bg7 4. d4 cxd4 5. Nxd4 Nc6 6. Be3 Nxd4 7. Bxd4 Bxd4 8.
Qxd4 Nf6 9. f3 O-O 10. O-O-O d6 11. Nd5 Nxd5 12. Qxd5 Be6 13. Qd4 Bxa2 14. b3
Qc7 15. Rd3 b6 16. Qb2 d5 17. exd5 Rfd8 18. Qxa2 Qe5 19. Qb2 Qe1+ 20. Rd1 Qe3+
21. Kb1 e6 22. Qd4 Qxd4 23. Rxd4 Rxd5 24. Rxd5 exd5 25. Bd3 a5 26. Re1 Kf8 27.
c3 a4 28. Kb2 a3+ 29. Ka2 Rc8 30. c4 dxc4 31. bxc4 b5 32. cxb5 Rc3 33. Rd1 f5
34. b6 Rc8 35. b7 Rb8 36. Ba6 f4 37. Rc1 Ke8 38. Rc8+ Kd7 39. Rxb8 Kc7 40. Rh8
h5 41. b8=Q+ {Black resigns} 1-0

[Event "Team 45 45 League T46"]
[Site "Internet Chess Club"]
[Date "2010.09.13"]
[Round "6"]
[White "Kallistos"]
[Black "RayF"]
[Result "0-1"]
[WhiteElo "1700"]
[BlackElo "1861"]
[Opening "Sicilian: Smith-Morra gambit"]
[ECO "B21"]
[Time "08:03:05"]
[TimeControl "2700+45"]

1. e4 c5 2. d4 cxd4 3. c3 dxc3 4. Nxc3 Nc6 5. Nf3 e6 6. Bc4 Nf6 7. Bf4 Bb4 8.
Qe2 O-O 9. O-O Re8 10. e5 Nh5 11. Bd2 d5 12. exd6 Bxd6 13. Rfd1 Qe7 14. Bg5 Nf6
15. Ne4 Bc7 16. Nxf6+ gxf6 17. Bh6 Bb6 18. Nh4 Ne5 19. Rd3 Kh8 20. Rg3 Rg8 21.
Rxg8+ Kxg8 22. Kh1 Qc5 23. Bd3 Qxf2 24. Qe4 Ng6 25. Nxg6 hxg6 26. Rf1 Qxb2
{White resigns} 0-1

[Event "Team 45 45 League T46"]
[Site "Internet Chess Club"]
[Date "2010.09.11"]
[Round "6"]
[White "Tamarin"]
[Black "Signalman"]
[Result "0-1"]
[WhiteElo "1746"]
[BlackElo "1554"]
[Opening "Old Indian: main line"]
[ECO "A55"]
[Time "05:30:55"]
[TimeControl "2700+45"]

1. d4 Nf6 2. c4 d6 3. Nc3 Nbd7 4. e4 e5 5. Nf3 Be7 6. Bd3 exd4 7. Nxd4 O-O 8.
O-O c5 9. Nf5 Ne5 10. Ng3 Bg4 11. f3 Be6 12. Qe2 a6 13. Nd5 Re8 14. Bf4 Ned7 15.
Rad1 Nb6 16. Bc2 Nfxd5 17. exd5 Bd7 18. Qd3 g6 19. Bh6 f5 20. Rfe1 Bf6 21. b3
Bd4+ 22. Be3 Rxe3 23. Rxe3 f4 24. Nf1 fxe3 25. Nxe3 Qg5 26. Re1 Re8 27. Kf2 Qh4+
28. Kf1 Nxd5 29. cxd5 Bb5 30. Qxb5 axb5 31. g3 Qh3+ {White resigns} 0-1

[Event "Team 45 45 League T46"]
[Site "Internet Chess Club"]
[Date "2010.09.14"]
[Round "6"]
[White "werty"]
[Black "BraafPaard"]
[Result "1/2-1/2"]
[WhiteElo "1539"]
[BlackElo "1570"]
[Opening "Queen's pawn game"]
[ECO "A46"]
[Time "14:31:28"]
[TimeControl "2700+45"]

1. d4 Nf6 2. Nf3 c5 3. c3 cxd4 4. cxd4 e6 5. Bf4 Bb4+ 6. Bd2 Nc6 7. a3 Bxd2+ 8.
Qxd2 Ne4 9. Qc2 d5 10. e3 a6 11. Bd3 Nf6 12. O-O Qc7 13. Nc3 b5 14. Rac1 Bb7 15.
b4 O-O 16. Ne2 Qd6 17. Ng3 Rfc8 18. Qd2 Ne7 19. Rxc8+ Nxc8 20. Rc1 Nb6 21. Ne5
Nc4 22. Nxc4 bxc4 23. Be2 Qd7 24. Qc3 Rc8 25. Bf3 Ne4 26. Nxe4 dxe4 27. Be2 Bd5
28. Qb2 Qb5 29. Rc3 f5 30. Qc2 Kf7 31. f3 g6 32. f4 Kf6 33. Qd1 a5 34. bxa5 Qxa5
35. Qc1 Qb5 36. h3 Qa6 37. g4 g5 38. fxg5+ Kxg5 39. gxf5 exf5 40. Qf1 Qg6 41.
Qf4+ Kf6+ 42. Kf2 Qe8 43. Qd6+ Qe6 44. Qf4 Kg6 45. Qg3+ Kf7 46. Qh4 Kg7 47. Qg5+
Kh8 48. Qf4 Kg7 49. Qg5+ Kh8 50. Qf4 {Game drawn by mutual agreement} 1/2-1/2

[Event "Team 45 45 League T46"]
[Site "Internet Chess Club"]
[Date "2010.09.10"]
[Round "6"]
[White "megarook"]
[Black "rahulr"]
[Result "0-1"]
[WhiteElo "1501"]
[BlackElo "1486"]
[Opening "Réti opening"]
[ECO "B41"]
[Time "19:00:19"]
[TimeControl "2700+45"]

1. Nf3 c5 2. d4 e6 3. e4 Nf6 4. e5 Nd5 5. c4 Nb6 6. Bg5 Be7 7. dxc5 Bxg5 8. cxb6
Bh6 9. bxa7 Qa5+ 10. Nbd2 Nc6 11. Qe2 Nxe5 12. Nxe5 Bxd2+ 13. Qxd2 Qxe5+ 14. Be2
Rxa7 15. O-O b6 16. Rfe1 Qc7 17. b3 Bb7 18. Rad1 Bc6 19. Bg4 O-O 20. a4 Rfa8 21.
Qd6 f5 22. Bh3 Be4 23. Qxc7 Rxc7 24. Rd6 Rb8 25. f3 Bc2 26. Re3 Rbb7 27. Rd2
Bxb3 28. Rxb3 Rxc4 29. Ra2 d5 30. a5 Rc6 31. Kf2 f4 32. Rab2 b5 33. g3 g5 34.
Bg4 Kf7 35. Ke2 Rc5 36. a6 Ra7 37. Bh5+ Kf6 38. Ra3 Rc6 39. Rab3 Rcxa6 40. Rxb5
Ra3 41. R5b3 Rxb3 42. Rxb3 Ra2+ 43. Kd3 Rxh2 44. gxf4 Rxh5 45. Kd4 gxf4 46. Rb7
Rh3 47. Rb8 Rxf3 48. Rf8+ Kg5 49. Rh8 h5 50. Rg8+ Kf5 51. Rf8+ Kg4 52. Rg8+ Kh3
53. Rg6 h4 54. Rxe6 Kg2 55. Rh6 h3 56. Kxd5 h2 57. Ke4 Rh3 58. Rg6+ Kf1 59. Ra6
h1=Q+ 60. Kxf4 {White resigns} 0-1

[Event "Team 45 45 League T46"]
[Site "Internet Chess Club"]
[Date "2010.09.10"]
[Round "6"]
[White "Yedixon"]
[Black "rubo"]
[Result "1-0"]
[WhiteElo "1672"]
[BlackElo "1673"]
[Opening "Bird: From gambit"]
[ECO "A02"]
[Time "15:16:18"]
[TimeControl "2700+45"]

1. f4 e5 2. fxe5 d6 3. exd6 Bxd6 4. Nf3 Nf6 5. d4 Ng4 6. Qd3 c5 7. Qe4+ Be6 8.
d5 Nf6 9. Qd3 Nxd5 10. Bg5 Qb6 11. e4 Nb4 12. Qc3 O-O 13. a3 N4c6 14. Nbd2 Nd7
15. O-O-O Nde5 16. Bf4 Qc7 17. Be3 b6 18. Be2 h6 19. h3 Rfe8 20. Nh4 Qe7 21. Nf5
Bxf5 22. exf5 Rad8 23. Rhe1 Nd4 24. Ne4 Nxf5 25. Nxd6 Nxe3 26. Nxe8 Nxd1 27.
Bxd1 Qg5+ 28. Kb1 Rxe8 29. Bf3 Kf8 30. Bd5 f6 31. g4 Re7 32. Qg3 h5 33. Re4 hxg4
34. hxg4 Re8 35. Ka2 Qd2 36. c4 Rd8 37. Rxe5 fxe5 38. Qxe5 Qh6 39. g5 Qd6 40.
Qf5+ {Black resigns} 1-0

[Event "Team 45 45 League T46"]
[Site "Internet Chess Club"]
[Date "2010.09.11"]
[Round "6"]
[White "Portola"]
[Black "xt"]
[Result "1-0"]
[WhiteElo "1818"]
[BlackElo "1614"]
[Opening "Sicilian: Taimanov variation"]
[ECO "B45"]
[Time "19:00:41"]
[TimeControl "2700+45"]

1. e4 c5 2. Nf3 Nc6 3. d4 cxd4 4. Nxd4 e6 5. Nc3 d6 6. Nxc6 bxc6 7. Bd3 Nf6 8.
O-O g6 9. Be3 Bg7 10. Qe2 O-O 11. Rab1 a6 12. Rfd1 Bb7 13. f3 d5 14. Qf2 Qc7 15.
Bb6 Qd7 16. Na4 Qc8 17. Bc5 dxe4 18. Bxe4 Nxe4 19. fxe4 Rd8 20. Nb6 Rxd1+ 21.
Rxd1 Qe8 22. Nxa8 Qxa8 23. Rd7 Bxb2 24. Qxf7+ Kh8 25. Qxh7# {Black checkmated}
1-0

[Event "Team 45 45 League T46"]
[Site "Internet Chess Club"]
[Date "2010.09.11"]
[Round "6"]
[White "AtomicDog"]
[Black "CKNIGHT3"]
[Result "1-0"]
[WhiteElo "1560"]
[BlackElo "1476"]
[Opening "Sicilian: Najdorf, Byrne (English) attack"]
[ECO "B90"]
[Time "12:00:18"]
[TimeControl "2700+45"]

1. e4 c5 2. Nf3 d6 3. d4 cxd4 4. Nxd4 Nf6 5. Nc3 a6 6. Be3 e6 7. f3 Be7 8. Qd2
Qc7 9. g4 h6 10. g5 hxg5 11. Bxg5 Nbd7 12. O-O-O b5 13. h4 Bb7 14. h5 O-O-O 15.
h6 gxh6 16. Bxh6 Ne5 17. Qf4 Ng6 18. Qh2 Bf8 19. Qd2 Ng8 20. Bxf8 Rxh1 21. Ncxb5
axb5 22. Nxb5 Qc5 23. Bxd6 Rxf1 24. Na7+ Qxa7 25. Qc3+ Bc6 26. Qxc6+ Qc7 27.
Qxc7# {Black checkmated} 1-0

[Event "Team 45 45 League T46"]
[Site "Internet Chess Club"]
[Date "2010.09.12"]
[Round "6"]
[White "supraholic"]
[Black "MateIn42"]
[Result "1/2-1/2"]
[WhiteElo "1353"]
[BlackElo "1404"]
[Opening "Two knights defense (Modern bishop's opening)"]
[ECO "C55"]
[Time "22:01:09"]
[TimeControl "2700+45"]

1. e4 e5 2. Nf3 Nc6 3. Bc4 Nf6 4. d3 d6 5. O-O Be7 6. Be3 O-O 7. Nc3 Be6 8. Bb3
d5 9. Ne2 dxe4 10. Ng5 Bxb3 11. axb3 exd3 12. cxd3 Nd5 13. Ne4 Nxe3 14. fxe3 f5
15. N4g3 g6 16. Nh1 Nb4 17. Nf2 Nd5 18. Qd2 Bg5 19. Nd1 Nxe3 20. Nxe3 f4 21. Nc4
f3 22. Qe1 fxe2 23. Rxf8+ Qxf8 24. Qxe2 Qc5+ 25. Kh1 Rd8 26. Qg4 Bf6 27. Qf3 Kg7
28. Rf1 Rf8 29. Qxb7 Bd8 30. Rxf8 Qxf8 31. Kg1 Qc5+ 32. Kf1 Qd4 33. Ke2 Qg4+ 34.
Qf3 Qxf3+ 35. Kxf3 c5 36. Nxe5 Bc7 37. Ke4 Kf6 38. Nf3 Bd8 39. g4 h6 40. Kd5 Be7
41. Kc6 Ke6 42. Kb7 Bf6 43. Kxa7 Bxb2 44. Kb6 Kd5 45. Kc7 Bc3 46. Kd7 Bf6 47.
Ke8 Ke6 48. Kf8 Bc3 49. Kg8 h5 50. h3 hxg4 51. hxg4 Kf6 52. Kf8 Be5 53. Ke8 Bf4
54. Kd7 Be3 55. Kc6 Ke6 56. Kb5 Kd5 57. Ka4 Kd6 58. Kb5 Kd5 59. Ka4 Kd6 60. Kb5
{Game drawn by mutual agreement} 1/2-1/2

[Event "Team 45 45 League T46"]
[Site "Internet Chess Club"]
[Date "2010.09.12"]
[Round "6"]
[White "The-Capitalist"]
[Black "dpmdpm"]
[Result "1-0"]
[WhiteElo "1450"]
[BlackElo "1452"]
[Opening "Sicilian: Najdorf, Byrne (English) attack"]
[ECO "B90"]
[Time "14:30:15"]
[TimeControl "2700+45"]

1. e4 c5 2. Nf3 d6 3. d4 cxd4 4. Nxd4 Nf6 5. Nc3 a6 6. Be3 e5 7. Nf3 b5 8. a4 b4
9. Nd5 Nbd7 10. a5 Nc5 11. Bxc5 dxc5 12. Nb6 Qxd1+ 13. Rxd1 Rb8 14. Nxc8 Rxc8
15. Bxa6 Rb8 16. Bc4 Nxe4 17. Nxe5 Nd6 18. Bb3 Rb7 19. O-O f6 20. Ba4+ Ke7 21.
Nc6+ {Black resigns} 1-0

[Event "Team 45 45 League T46"]
[Site "Internet Chess Club"]
[Date "2010.09.14"]
[Round "6"]
[White "otib2006"]
[Black "bowwrestler"]
[Result "0-1"]
[WhiteElo "1178"]
[BlackElo "1210"]
[Opening "Scandinavian: Pytel-Wade variation"]
[ECO "B01"]
[Time "14:00:14"]
[TimeControl "2700+45"]

1. e4 d5 2. exd5 Qxd5 3. Nc3 Qd6 4. Nf3 Nf6 5. Bc4 a6 6. O-O b5 7. Be2 Bb7 8. d4
e6 9. Bg5 Be7 10. Bxf6 Bxf6 11. Qd2 Nc6 12. d5 exd5 13. Qxd5 Qxd5 14. Nxd5 Rc8
15. Nxf6+ gxf6 16. Rfe1 O-O 17. Nh4 Nd4 18. Bd3 c5 19. Nf5 Rfd8 20. Ne7+ Kg7 21.
Nxc8 Rxc8 22. Re7 Bd5 23. c3 Nc6 24. Rd7 Be6 25. Rd6 Nb8 26. a4 c4 27. Be4 Rc7
28. axb5 axb5 29. Rb6 Nd7 30. Rxb5 Ne5 31. f4 Nd3 32. Bxd3 cxd3 33. f5 Bc4 34.
Rb8 Rd7 35. Rc8 Bb3 36. Rb8 Bc2 37. Re8 d2 38. Kf2 d1=Q 39. Rxd1 Rxd1 40. Re2
Bxf5 41. b4 Rc1 42. Re3 Rc2+ 43. Kf3 Kg6 44. g4 Bd7 45. h4 Bc6+ 46. Kg3 Rg2+ 47.
Kh3 f5 48. gxf5+ Kxf5 49. Re7 Kg6 50. Rc7 Be4 51. Re7 Bf3 52. Re3 Bc6 53. b5 Bb7
54. Re7 Bd5 55. b6 Rb2 56. Rd7 Be6+ 57. Kg3 Bxd7 {White resigns} 0-1

[Event "Team 45 45 League T46"]
[Site "Internet Chess Club"]
[Date "2010.09.12"]
[Round "6"]
[White "KidRattler"]
[Black "PsyMar"]
[Result "0-1"]
[WhiteElo "1064"]
[BlackElo "1246"]
[Opening "Alekhine's defense: Scandinavian variation"]
[ECO "B02"]
[Time "12:58:45"]
[TimeControl "2700+45"]

1. e4 Nf6 2. Nc3 d5 3. exd5 Nxd5 4. Qf3 e6 5. Nxd5 exd5 6. Qe2+ Be7 7. Qd1 O-O
8. Nf3 c5 9. Be2 Nc6 10. O-O Re8 11. Re1 Bf5 12. d4 Nxd4 13. Nxd4 cxd4 14. Qxd4
Qa5 15. Qd2 Bb4 16. c3 Bd6 17. Kf1 Bxh2 18. g3 Bh3# {White checkmated} 0-1

[Event "Team 45 45 League T46"]
[Site "Internet Chess Club"]
[Date "2010.09.12"]
[Round "6"]
[White "Toalla"]
[Black "chicopee-ed"]
[Result "1/2-1/2"]
[WhiteElo "1168"]
[BlackElo "1323"]
[Opening "QGD Slav defense: exchange variation"]
[ECO "D10"]
[Time "09:00:33"]
[TimeControl "2700+45"]

1. d4 d5 2. c4 c6 3. cxd5 cxd5 4. Nc3 e6 5. a3 Nc6 6. Nf3 h6 7. g3 b6 8. Bg2 Ba6
9. b4 Bb7 10. Bb2 Nf6 11. O-O Be7 12. Re1 O-O 13. e4 Qc7 14. e5 Nd7 15. Rc1 Qb8
16. Qa4 Qe8 17. Rc2 a5 18. b5 Nb4 19. axb4 axb4 20. Qb3 bxc3 21. Rxc3 Nc5 22.
dxc5 bxc5 23. Nd2 Qb8 24. Rec1 d4 25. Rxc5 Bxg2 26. Kxg2 Qb7+ 27. f3 Bxc5 28.
Rxc5 Rfc8 29. Bxd4 Rxc5 30. Bxc5 Ra5 31. Qd3 Rxb5 32. Ne4 Rb2+ 33. Kh3 Qb3 34.
Qxb3 Rxb3 35. f4 {Game drawn by mutual agreement} 1/2-1/2

[Event "Team 45 45 League T46"]
[Site "Internet Chess Club"]
[Date "2010.09.12"]
[Round "6"]
[White "GiulioCre"]
[Black "ffplayer"]
[Result "0-1"]
[WhiteElo "1321"]
[BlackElo "1087"]
[Opening "Queen's pawn, Mason variation, Steinitz counter-gambit"]
[ECO "D00"]
[Time "10:00:17"]
[TimeControl "2700+45"]

1. d4 d5 2. Bf4 c5 3. dxc5 Nc6 4. e3 e5 5. Bg3 Bxc5 6. Nd2 Nf6 7. Ngf3 Bg4 8.
Be2 O-O 9. Nxe5 Bxe2 10. Qxe2 Rc8 11. Nxc6 Rxc6 12. O-O Bd6 13. Bxd6 Rxd6 14.
Nf3 Re8 15. Rfd1 b6 16. Rd3 Qa8 17. Rad1 Red8 18. c4 h6 19. cxd5 Rxd5 20. Rxd5
Rxd5 21. Rxd5 Nxd5 22. g3 Nf6 23. Ne5 Qe4 24. f4 Qb1+ 25. Kf2 Qxa2 26. Kf3 Qd5+
27. e4 Qb3+ 28. Kf2 h5 29. Kg2 a5 30. Nc4 Qb5 31. e5 Qd5+ 32. Kh3 Qe6+ 33. Kg2
Qd5+ 34. Kh3 Ng4 35. Ne3 Nxe3 36. Qxe3 Qe6+ 37. Kg2 Qc6+ 38. Qf3 Qxf3+ 39. Kxf3
Kf8 40. Ke4 Ke7 41. Kd5 Kd7 42. b3 g6 43. h3 Kc7 44. g4 hxg4 45. hxg4 Kd7 46. f5
b5 47. fxg6 fxg6 48. e6+ Ke7 49. g5 a4 50. bxa4 bxa4 51. Kc4 a3 52. Kb3 a2 53.
Kxa2 Kxe6 54. Kb2 Kf5 55. Kc2 Kxg5 56. Kd2 Kg4 57. Ke2 Kg3 58. Kf1 Kh2 59. Kf2
g5 60. Kf3 Kh3 61. Kf2 g4 62. Kg1 Kg3 63. Kh1 Kf2 64. Kh2 g3+ 65. Kh1 g2+ 66.
Kh2 {White resigns} 0-1

[Event "Team 45 45 League T46"]
[Site "Internet Chess Club"]
[Date "2010.09.12"]
[Round "6"]
[White "Newcastler"]
[Black "Knight2night"]
[Result "0-1"]
[WhiteElo "1302"]
[BlackElo "1195"]
[Opening "King's Indian, 3.Nf3"]
[ECO "E67"]
[Time "14:00:17"]
[TimeControl "2700+45"]

1. d4 Nf6 2. c4 g6 3. Nf3 Bg7 4. g3 O-O 5. Bg2 d6 6. O-O Nbd7 7. Nc3 c5 8. dxc5
Nxc5 9. Re1 Rb8 10. Rb1 Bf5 11. Ra1 Nfe4 12. Nxe4 Nxe4 13. Nh4 Qb6 14. e3 Bxb2
15. Bxb2 Qxb2 16. Re2 Qe5 17. Rc1 Nc3 18. Rxc3 Qxc3 19. Nxf5 gxf5 20. Rc2 Qf6
21. c5 Rbc8 22. c6 bxc6 23. Bh3 Rc7 24. Qd3 Rb8 25. Bxf5 Rb1+ 26. Kg2 Qg7 27.
Rxc6 Rxc6 28. Qxb1 Rb6 29. Qe4 e6 30. Qa8+ Qf8 31. Qxa7 Rb5 32. Bd3 Rc5 33. a4
Qd8 34. Bb5 Rc8 35. Qd4 Qf8 36. a5 Rb8 37. Bc4 Rb4 38. Qc3 d5 39. Qxb4 Qxb4
{White resigns} 0-1

[Event "Team 45 45 League T46"]
[Site "Internet Chess Club"]
[Date "2010.09.13"]
[Round "6"]
[White "bigdill"]
[Black "carolinaknight"]
[Result "0-1"]
[WhiteElo "868"]
[BlackElo "1275"]
[Opening "French: advance variation"]
[ECO "C02"]
[Time "20:00:26"]
[TimeControl "2700+45"]

1. e4 e6 2. d4 d5 3. e5 c5 4. Be3 Qb6 5. Nf3 Qxb2 6. Nbd2 c4 7. Bxc4 dxc4 8.
Nxc4 Qc3+ 9. Ncd2 Ne7 10. O-O Nf5 11. Ne4 Qc6 12. Qd3 Nd7 13. Bg5 Nb6 14. Rac1
Ba3 15. Qxa3 Nc4 16. Qb4 a6 17. Ned2 b5 18. g4 a5 19. d5 Qd7 20. Qc5 Nxd2 21.
Nxd2 h6 22. dxe6 fxe6 23. gxf5 hxg5 24. fxe6 Qxe6 25. Qxb5+ Bd7 26. Qb7 Rd8 27.
Ne4 Qxe5 28. Ng3 O-O 29. Rfe1 Qd4 30. Qb3+ Kh8 31. Ne2 Qxf2+ 32. Kh1 Bc6+ 33.
Qf3 Bxf3# {White checkmated} 0-1

[Event "Team 45 45 League T46"]
[Site "Internet Chess Club"]
[Date "2010.09.14"]
[Round "6"]
[White "taldeital"]
[Black "parrot9"]
[Result "1-0"]
[WhiteElo "1522"]
[BlackElo "1666"]
[Opening "Queen's bishop game"]
[ECO "D02"]
[Time "16:27:01"]
[TimeControl "2700+45"]

1. d4 d5 2. Nf3 Nf6 3. Bf4 e6 4. c3 c5 5. e3 Bd6 6. Bb5+ Nc6 7. Bxd6 Qxd6 8.
Nbd2 c4 9. b3 a6 10. b4 axb5 11. a4 bxa4 12. Rxa4 Rxa4 13. Qxa4 O-O 14. b5 Ne7
15. O-O Ng6 16. Ra1 e5 17. dxe5 Nxe5 18. Qa3 Nxf3+ 19. Nxf3 Qxa3 20. Rxa3 Bd7
21. Nd4 Ne4 22. f3 Nd6 23. b6 Re8 24. Ra5 Bc6 25. Rc5 Rc8 26. Kf2 Kf8 27. Ke2
Ke7 28. Ra5 Kd7 29. h4 f5 30. Kd2 Re8 31. Ne2 Re6 32. Nf4 Re5 33. Ra8 Nc8 34.
Ne2 g6 35. Nf4 Nxb6 36. Rh8 Re7 37. h5 g5 38. Nh3 Rg7 39. h6 Rg6 40. Rxh7+ Kd6
41. Rh8 Nd7 42. h7 Rg7 43. g4 fxg4 44. fxg4 Kc5 45. Nxg5 Nf6 46. Ne6+ Kb6 47.
Nxg7 Bd7 48. g5 Ne4+ 49. Ke1 Nxg5 50. Nh5 Bf5 51. Nf6 Bd3 52. Kf2 Kc5 53. Kg3
Bxh7 54. Nxh7 Ne4+ 55. Kf4 Nxc3 56. Ke5 b5 57. Nf6 b4 58. Rc8+ Kb5 59. Nxd5 Nxd5
60. Kxd5 c3 61. e4 Ka4 62. e5 Kb3 {Black resigns} 1-0

[Event "Team 45 45 League T46"]
[Site "Internet Chess Club"]
[Date "2010.09.14"]
[Round "6"]
[White "Invicta-Knight"]
[Black "LazyPeon"]
[Result "0-1"]
[WhiteElo "1508"]
[BlackElo "1739"]
[Opening "Caro-Kann: Bronstein-Larsen variation"]
[ECO "B16"]
[Time "16:02:42"]
[TimeControl "2700+45"]

1. e4 c6 2. d4 d5 3. Nc3 dxe4 4. Nxe4 Nf6 5. Nxf6+ gxf6 6. Nf3 Bf5 7. Bd3 Bxd3
8. Qxd3 e6 9. Bd2 Bd6 10. g3 Nd7 11. Bc3 Qc7 12. O-O-O O-O-O 13. Nd2 Nb6 14. Ba5
e5 15. Qf5+ Kb8 16. Qxf6 exd4 17. Nc4 Be7 18. Qf3 Rd5 19. Bxb6 axb6 20. Rhe1 b5
21. Nd2 f5 22. Re6 Rhd8 23. Rh6 Bg5 24. Rh5 Qe7 25. h4 Bxd2+ 26. Rxd2 Qe1+ 27.
Rd1 Qa5 28. Kb1 b4 29. Rxh7 Re8 30. h5 Qb5 31. h6 Re2 32. Qf4+ Ka7 33. Qc7 Rc5
34. Rc1 d3 35. Re7 dxc2+ 36. Ka1 Rxe7 37. Qxe7 Qc4 38. h7 Ra5 39. a3 Rxa3+ 40.
bxa3 Qc3+ 41. Ka2 Qxa3# {White checkmated} 0-1

[Event "Team 45 45 League T46"]
[Site "Internet Chess Club"]
[Date "2010.09.11"]
[Round "6"]
[White "IanT"]
[Black "ElmerHo"]
[Result "0-1"]
[WhiteElo "1390"]
[BlackElo "1617"]
[Opening "Four knights: Italian variation"]
[ECO "C55"]
[Time "21:03:49"]
[TimeControl "2700+45"]

1. e4 e5 2. Nf3 Nc6 3. Bc4 Nf6 4. Nc3 Nxe4 5. Nxe4 d5 6. Bd3 dxe4 7. Bxe4 Bd6 8.
O-O O-O 9. d4 Nxd4 10. Nxd4 exd4 11. Qf3 c6 12. Bf4 Be6 13. a3 Qc7 14. Bxd6 Qxd6
15. Rad1 Rad8 16. c3 Qc5 17. Rc1 dxc3 18. Rxc3 Qe7 19. Qf4 Qd6 20. Qh4 g6 21.
Rd3 Qc7 22. Rfd1 Rxd3 23. Rxd3 Qe5 24. Rd2 f5 25. Re2 fxe4 26. Rxe4 Qf5 27. f3
Qc5+ 28. Kf1 Qc1+ 29. Kf2 Qxb2+ 30. Re2 Qf6 31. Qe4 Bd5 32. Qg4 Qf5 33. Qg3 Qf4
34. Qh3 Qf7 35. Qg3 b5 36. Qg4 a5 37. Qg3 Re8 38. Rd2 Qa7+ {White resigns} 0-1

[Event "Team 45 45 League T46"]
[Site "Internet Chess Club"]
[Date "2010.09.10"]
[Round "6"]
[White "houseofcook"]
[Black "GiulioCre"]
[Result "1-0"]
[WhiteElo "1387"]
[BlackElo "1348"]
[Opening "Sicilian: Grand Prix attack"]
[ECO "B23"]
[Time "14:28:38"]
[TimeControl "2700+45"]

1. e4 c5 2. Nc3 Nc6 3. f4 e6 4. Nf3 d5 5. Bb5 a6 6. Bxc6+ bxc6 7. e5 Ne7 8. O-O
d4 9. Ne2 Nd5 10. d3 f6 11. c4 dxc3 12. bxc3 Rb8 13. a3 Qa5 14. c4 Nc3 15. Nxc3
Qxc3 16. Ra2 Bb7 17. Bb2 Qa5 18. exf6 gxf6 19. Bxf6 Rg8 20. Ne5 Qc3 21. Qh5+
{Black resigns} 1-0

[Event "Team 45 45 League T46"]
[Site "Internet Chess Club"]
[Date "2010.09.12"]
[Round "6"]
[White "JeeniousChess"]
[Black "subterfuge"]
[Result "1-0"]
[WhiteElo "1710"]
[BlackElo "1731"]
[Opening "Bogo-Indian defense, Nimzovich variation"]
[ECO "E11"]
[Time "13:00:55"]
[TimeControl "2700+45"]

1. d4 Nf6 2. c4 e6 3. Nf3 Bb4+ 4. Bd2 Qe7 5. g3 O-O 6. Bg2 d5 7. O-O dxc4 8. Qc2
b5 9. Ne5 c6 10. Bxc6 Bxd2 11. Bxa8 Ba5 12. a4 Nbd7 13. Nc6 Qd6 14. Nxa5 Qxd4
15. axb5 Nb6 16. Bg2 e5 17. Nc6 Qc5 18. Nc3 h5 19. h4 Ng4 20. Ne4 Qxb5 21. Ne7+
Kh8 22. Ng5 Nf6 23. Rxa7 Qc5 24. Ng6+ fxg6 25. Qxg6 Nbd7 26. Rfa1 Qb6 27. R1a6
Qxa6 28. Rxa6 Bxa6 29. Nf7+ Kg8 30. Nh6+ Kh8 31. Nf5 Rg8 32. Bd5 Nf8 33. Qf7 Kh7
34. Ne7 Rh8 35. Be4+ Kh6 36. Nf5+ {Black resigns} 1-0

[Event "Team 45 45 League T46"]
[Site "Internet Chess Club"]
[Date "2010.09.12"]
[Round "6"]
[White "Warpdrive"]
[Black "BotanicalKnight"]
[Result "0-1"]
[WhiteElo "1655"]
[BlackElo "1628"]
[Opening "Caro-Kann: advance variation"]
[ECO "B12"]
[Time "20:01:48"]
[TimeControl "2700+45"]

1. e4 c6 2. d4 d5 3. e5 Bf5 4. Bd3 Bxd3 5. Qxd3 e6 6. Nf3 Qb6 7. O-O Nd7 8. a3
c5 9. c3 Ne7 10. b4 c4 11. Qe2 a5 12. Ra2 Nc6 13. h3 Be7 14. Nh2 axb4 15. axb4
Rxa2 16. Qxa2 O-O 17. f4 g6 18. Be3 Na7 19. Ng4 Nb5 20. Qc2 Ra8 21. Nh6+ Kg7 22.
f5 exf5 23. Nxf5+ gxf5 24. Qxf5 Qe6 25. Qh5 Qg6 26. Bh6+ Kg8 27. Qf5 Qxf5 28.
Rxf5 Ra1 29. Rf3 Rxb1+ 30. Kh2 Nf8 {White resigns} 0-1

[Event "Team 45 45 League T46"]
[Site "Internet Chess Club"]
[Date "2010.09.11"]
[Round "6"]
[White "Bible"]
[Black "crankn8tr"]
[Result "0-1"]
[WhiteElo "1438"]
[BlackElo "1479"]
[Opening "Sicilian defense"]
[ECO "B30"]
[Time "10:07:28"]
[TimeControl "2700+45"]

1. e4 c5 2. Nf3 Nc6 3. b3 Nf6 4. d3 e6 5. Bb2 d6 6. Be2 Be7 7. O-O O-O 8. Nbd2
Qc7 9. c3 b6 10. Qc2 Bb7 11. d4 cxd4 12. cxd4 d5 13. e5 Ne4 14. Nxe4 dxe4 15.
Nd2 Rac8 16. Rac1 Qb8 17. Qb1 Qa8 18. Nxe4 Nb4 19. Bf3 Nd5 20. a3 f5 21. Ng3 g5
22. h3 h6 23. Kh2 Nf4 24. Bxb7 Qxb7 25. Rg1 h5 26. Rxc8 Qxc8 27. Rc1 Qb7 28. f3
h4 29. Nf1 g4 30. fxg4 fxg4 31. Rc2 Qe4 32. Qd1 Kf7 33. b4 Rc8 34. Rd2 Rg8 35.
hxg4 Bg5 36. Rc2 Nd5 37. Rf2+ Ke7 38. Qa4 Rc8 39. Rf7+ Kxf7 40. Qd7+ Ne7 41.
Qxa7 Rc2 {White resigns} 0-1

[Event "Team 45 45 League T46"]
[Site "Internet Chess Club"]
[Date "2010.09.10"]
[Round "6"]
[White "crazyhorses"]
[Black "toukon"]
[Result "1-0"]
[WhiteElo "1553"]
[BlackElo "1659"]
[Opening "Sicilian: dragon, classical attack"]
[ECO "B72"]
[Time "13:00:07"]
[TimeControl "2700+45"]

1. e4 c5 2. Nf3 d6 3. d4 cxd4 4. Nxd4 Nf6 5. Nc3 g6 6. Be2 Bg7 7. Be3 O-O 8. Qd2
Ng4 9. Bg5 h6 10. Bh4 Qb6 11. Nb3 Bf6 12. Nd5 Qd8 13. Bxf6 Nxf6 14. Nxf6+ exf6
15. Qxh6 Nc6 16. O-O-O Be6 17. Qd2 Bxb3 18. cxb3 Qb6 19. f3 Kg7 20. g4 Rac8 21.
Kb1 Nb4 22. Bc4 Rfd8 23. h4 Rc5 24. a3 Nc6 25. f4 Na5 26. Rh3 Nxc4 27. bxc4 Rxc4
28. e5 fxe5 29. fxe5 dxe5 30. Qxd8 {Black resigns} 1-0